General information
- name: BNet
- type: Ladder team game (AT/RT)
- host: Battle.net
- saver: sc2no.wc4yes
map: HurricaneIsle
- players: 8
- length: 14:16
- speed: Fast
- version: 1.26 W3XP
- replay type: Public
» download(83 KB)
Players
team 1 (loser)
BloodRush (
green | 51 APM | 710 actions | 13:55)
3 Blademaster
1 Mirror Image
1 Wind Walk
1 Critical Strike
2 Shadow Hunter
1 Healing Wave
1 Hex
» actions
| Assign group hotkey | 27 | |
| Basic commands | 55 | |
| Build / train | 42 | |
| ESC pressed | 1 | |
| Enter build submenu | 20 | |
| Enter hero's abilities submenu | 5 | |
| Give item / drop item | 1 | |
| Right click | 187 | |
| Select / deselect | 245 | |
| Select group hotkey | 90 | |
| Use ability | 37 | |
710 total
» units
| Peon | 11 | |
| Grunt | 3 | |
| Troll Headhunter/Berserker | 3 | |
| Goblin Shredder | 1 | |
| Wind Rider | 4 | |
| Goblin Zeppelin | 1 | |
| Troll Batrider | 1 | |
| Shaman | 1 | |
25 total
» upgrades
| Shaman Training | 1 | |
| Spiked Barricades | 1 | |
| Reinforced Defenses | 1 | |
3 total
» buildings
| Altar of Storms | 1 | |
| Orc Burrow | 6 | |
| Barracks | 1 | |
| Voodoo Lounge | 1 | |
| Stronghold | 1 | |
| War Mill | 1 | |
| Great Hall | 1 | |
| Beastiary | 3 | |
| Spirit Lodge | 2 | |
| Fortress | 1 | |
| Watch Tower | 3 | |
21 total
» build order
00:09 Altar of Storms
00:20 Orc Burrow
00:57 Barracks
01:32 Orc Burrow
01:37 Voodoo Lounge
01:46 Orc Burrow
02:47 Stronghold
03:22 War Mill
04:07 Orc Burrow
04:46 Orc Burrow
06:14 Great Hall
06:30 Beastiary
07:05 Beastiary
07:49 Orc Burrow
08:43 Spirit Lodge
09:30 Fortress
10:03 Spirit Lodge
11:07 Watch Tower
11:09 Watch Tower
11:12 Watch Tower
13:45 Beastiary
» items
| Lesser Clarity Potion | 1 | |
| Healing Salve | 1 | |
| Scroll of Town Portal | 2 | |
| Tiny Great Hall | 1 | |
5 total

»
Mywife4DaHorde (
yellow | 29 APM | 408 actions | 14:13)
2 Death Knight
1 Death Coil
1 Unholy Aura
» actions
| Assign group hotkey | 12 | |
| Basic commands | 8 | |
| Build / train | 23 | |
| Enter build submenu | 15 | |
| Enter hero's abilities submenu | 2 | |
| Right click | 103 | |
| Select / deselect | 112 | |
| Select group hotkey | 103 | |
| Use ability | 30 | |
408 total
» units
| Acolyte | 3 | |
| Ghoul | 5 | |
| Frost Wyrm | 6 | |
| Goblin Zeppelin | 1 | |
15 total
» upgrades
» buildings
| Ziggurat | 7 | |
| Crypt | 1 | |
| Altar of Darkness | 1 | |
| Graveyard | 1 | |
| Halls of the Dead | 1 | |
| Tomb of Relics | 1 | |
| Black Citadel | 1 | |
| Sacrificial Pit | 1 | |
| Boneyard | 3 | |
17 total
» build order
00:26 Ziggurat
00:35 Crypt
00:43 Altar of Darkness
01:29 Ziggurat
02:04 Graveyard
02:53 Halls of the Dead
03:56 Tomb of Relics
05:04 Ziggurat
05:34 Black Citadel
05:39 Sacrificial Pit
07:09 Ziggurat
08:03 Boneyard
08:06 Boneyard
08:09 Boneyard
08:14 Ziggurat
08:53 Ziggurat
09:50 Ziggurat
» items
Vitalious (
red | 38 APM | 516 actions | 13:43)
4 Priestess of the Moon
2 Trueshot Aura
2 Searing Arrows
» actions
| Assign group hotkey | 6 | |
| Basic commands | 32 | |
| Build / train | 38 | |
| Enter build submenu | 12 | |
| Enter hero's abilities submenu | 4 | |
| Right click | 199 | |
| Select / deselect | 196 | |
| Select group hotkey | 7 | |
| Use ability | 22 | |
516 total
» units
| Wisp | 8 | |
| Archer | 9 | |
| Goblin Shredder | 1 | |
| Hippogryph | 5 | |
| Goblin Zeppelin | 1 | |
24 total
» upgrades
| Strength of the Moon | 2 | |
| Moon Armor | 2 | |
| Hippogryph Taming | 1 | |
| Improved Bows | 1 | |
| Marksmanship | 1 | |
7 total
» buildings
| Altar of Elders | 1 | |
| Moon Well | 4 | |
| Ancient of War | 2 | |
| Hunter's Hall | 1 | |
| Tree of Ages | 1 | |
| Tree of Eternity | 1 | |
| Ancient of Wind | 2 | |
| Ancient of Wonders | 1 | |
13 total
» build order
00:06 Altar of Elders
00:09 Moon Well
00:59 Ancient of War
01:32 Moon Well
01:56 Ancient of War
02:28 Hunter's Hall
02:59 Moon Well
04:01 Tree of Ages
06:23 Tree of Eternity
06:30 Ancient of Wind
06:38 Ancient of Wind
07:48 Moon Well
11:34 Ancient of Wonders
Loagden (
blue | 46 APM | 638 actions | 13:50)
3 Mountain King
2 Storm Bolt
1 Bash
3 Goblin Tinker
2 Pocket Factory
1 Engineering Upgrade
» actions
| Assign group hotkey | 8 | |
| Basic commands | 10 | |
| Build / train | 43 | |
| Enter build submenu | 21 | |
| Enter hero's abilities submenu | 6 | |
| Right click | 189 | |
| Select / deselect | 241 | |
| Select group hotkey | 87 | |
| Use ability | 33 | |
638 total
» units
| Peasant | 11 | |
| Footman | 5 | |
| Rifleman | 5 | |
| Goblin Zeppelin | 1 | |
| Siege Engine | 3 | |
25 total
» upgrades
| Gunpowder | 3 | |
| Plating | 1 | |
| Masonry | 1 | |
| Barrage | 1 | |
6 total
» buildings
| Altar of Kings | 1 | |
| Farm | 7 | |
| Barracks | 1 | |
| Blacksmith | 1 | |
| Lumber Mill | 1 | |
| Keep | 1 | |
| Scout Tower | 2 | |
| Guard Tower | 1 | |
| Workshop | 2 | |
| Castle | 1 | |
| Town Hall | 1 | |
| Arcane Vault | 2 | |
21 total
» build order
00:06 Altar of Kings
00:10 Farm
00:31 Barracks
00:48 Farm
01:56 Blacksmith
02:34 Lumber Mill
02:49 Farm
03:12 Keep
04:14 Farm
04:28 Scout Tower
04:30 Scout Tower
05:20 Farm
05:25 Guard Tower
06:11 Workshop
06:54 Farm
07:24 Castle
07:27 Workshop
11:11 Town Hall
11:38 Arcane Vault
11:44 Arcane Vault
12:10 Farm
team 2 (winner)

»
sc2no.wc4yes (
pink | 67 APM | 960 actions | 14:16)
3 Blademaster
2 Wind Walk
1 Critical Strike
3 Archmage
2 Blizzard
1 Brilliance Aura
» actions
| Assign group hotkey | 42 | |
| Basic commands | 10 | |
| Build / train | 82 | |
| ESC pressed | 1 | |
| Enter build submenu | 30 | |
| Enter hero's abilities submenu | 6 | |
| Give item / drop item | 9 | |
| Right click | 302 | |
| Select / deselect | 221 | |
| Select group hotkey | 152 | |
| Use ability | 105 | |
960 total
» units
| Peon | 10 | |
| Peasant | 12 | |
| Goblin Shredder | 1 | |
| Troll Batrider | 14 | |
| Goblin Zeppelin | 4 | |
| Siege Engine | 7 | |
48 total
» upgrades
| Gunpowder | 3 | |
| Plating | 2 | |
| Lumber Harvesting | 2 | |
| Liquid Fire | 1 | |
| Barrage | 1 | |
| Masonry | 1 | |
| Reinforced Defenses | 1 | |
| Ranged Weapons | 1 | |
12 total
» buildings
| Altar of Storms | 1 | |
| Orc Burrow | 5 | |
| Voodoo Lounge | 1 | |
| Farm | 8 | |
| Lumber Mill | 1 | |
| Stronghold | 2 | |
| Keep | 1 | |
| War Mill | 1 | |
| Town Hall | 1 | |
| Blacksmith | 2 | |
| Arcane Vault | 1 | |
| Beastiary | 3 | |
| Great Hall | 1 | |
| Castle | 2 | |
| Fortress | 1 | |
| Workshop | 4 | |
| Watch Tower | 10 | |
45 total
» build order
00:08 Altar of Storms
00:12 Orc Burrow
01:07 Voodoo Lounge
01:11 Farm
01:23 Lumber Mill
02:09 Farm
02:23 Orc Burrow
02:53 Stronghold
02:53 Stronghold
03:33 Keep
03:38 War Mill
04:15 Orc Burrow
04:18 Town Hall
04:44 Blacksmith
04:48 Blacksmith
05:12 Arcane Vault
05:20 Beastiary
05:20 Beastiary
05:21 Beastiary
05:23 Orc Burrow
05:55 Great Hall
06:02 Castle
06:10 Orc Burrow
06:21 Fortress
06:35 Workshop
06:36 Workshop
06:37 Workshop
06:37 Workshop
07:24 Farm
07:26 Farm
08:07 Farm
08:07 Farm
08:08 Farm
08:30 Farm
10:57 Watch Tower
10:58 Watch Tower
10:58 Watch Tower
10:59 Watch Tower
11:00 Watch Tower
12:15 Watch Tower
12:15 Watch Tower
12:15 Watch Tower
12:16 Watch Tower
12:16 Watch Tower
» items
| Healing Salve | 2 | |
| Lesser Clarity Potion | 2 | |
| Orb of Lightning | 1 | |
| Tiny Great Hall | 1 | |
6 total
Sonyas-Blade (
teal | 52 APM | 734 actions | 14:14)
3 Blademaster
2 Wind Walk
1 Critical Strike
3 Far Seer
2 Feral Spirit
1 Chain Lighting
» actions
| Assign group hotkey | 20 | |
| Basic commands | 65 | |
| Build / train | 34 | |
| Enter build submenu | 22 | |
| Enter hero's abilities submenu | 6 | |
| Give item / drop item | 2 | |
| Remove unit from queue | 1 | |
| Right click | 179 | |
| Select / deselect | 181 | |
| Select group hotkey | 183 | |
| Use ability | 41 | |
734 total
» units
| Peon | 5 | |
| Goblin Shredder | 1 | |
| Wind Rider | 4 | |
| Goblin Zeppelin | 1 | |
| Kodo Beast | 1 | |
12 total
» upgrades
| Armor | 2 | |
| Ranged Weapons | 3 | |
| Envenomed Spears | 1 | |
| Witch Doctor Training | 2 | |
| Reinforced Defenses | 1 | |
9 total
» buildings
| Altar of Storms | 1 | |
| Orc Burrow | 6 | |
| War Mill | 1 | |
| Stronghold | 1 | |
| Voodoo Lounge | 2 | |
| Beastiary | 3 | |
| Fortress | 1 | |
| Spirit Lodge | 1 | |
| Great Hall | 1 | |
| Watch Tower | 6 | |
23 total
» build order
00:05 Altar of Storms
00:10 Orc Burrow
01:12 Orc Burrow
02:02 War Mill
02:14 Stronghold
05:01 Voodoo Lounge
05:07 Voodoo Lounge
05:17 Beastiary
05:22 Beastiary
05:23 Beastiary
05:32 Orc Burrow
05:47 Orc Burrow
06:15 Fortress
09:15 Spirit Lodge
10:01 Great Hall
10:28 Orc Burrow
11:34 Watch Tower
11:35 Watch Tower
11:37 Watch Tower
11:37 Watch Tower
11:40 Watch Tower
11:46 Orc Burrow
11:50 Watch Tower
» items
| Healing Salve | 1 | |
| Scroll of Town Portal | 1 | |
2 total

»
MorbidObesity (
purple | 27 APM | 379 actions | 14:14)
2 Far Seer
1 Chain Lighting
1 Far Sight
2 Shadow Hunter
1 Healing Wave
1 Hex
» actions
| Assign group hotkey | 5 | |
| Basic commands | 18 | |
| Build / train | 35 | |
| Enter build submenu | 19 | |
| Enter hero's abilities submenu | 4 | |
| Right click | 57 | |
| Select / deselect | 177 | |
| Select group hotkey | 37 | |
| Use ability | 27 | |
379 total
» units
| Peon | 8 | |
| Goblin Shredder | 1 | |
| Troll Batrider | 10 | |
| Shaman | 1 | |
| Kodo Beast | 1 | |
| Goblin Zeppelin | 1 | |
22 total
» upgrades
| Armor | 1 | |
| Ranged Weapons | 2 | |
| Shaman Training | 1 | |
| Spiked Barricades | 1 | |
5 total
» buildings
| War Mill | 1 | |
| Orc Burrow | 8 | |
| Altar of Storms | 1 | |
| Voodoo Lounge | 1 | |
| Stronghold | 1 | |
| Barracks | 1 | |
| Watch Tower | 5 | |
| Beastiary | 2 | |
| Spirit Lodge | 1 | |
| Fortress | 1 | |
22 total
» build order
01:25 War Mill
01:28 Orc Burrow
01:28 Orc Burrow
02:11 Altar of Storms
02:14 Orc Burrow
03:10 Orc Burrow
03:13 Orc Burrow
03:28 Voodoo Lounge
03:32 Orc Burrow
03:33 Orc Burrow
04:37 Stronghold
05:14 Orc Burrow
05:24 Barracks
06:26 Watch Tower
06:29 Watch Tower
06:30 Watch Tower
06:32 Watch Tower
06:34 Watch Tower
07:05 Beastiary
07:09 Beastiary
07:23 Spirit Lodge
12:05 Fortress
cocainecowboy (
orange | 108 APM | 101 actions | 00:55)
» actions
| Assign group hotkey | 10 | |
| Build / train | 3 | |
| Enter build submenu | 3 | |
| Right click | 62 | |
| Select / deselect | 18 | |
| Select group hotkey | 2 | |
| Use ability | 3 | |
101 total
» units
» buildings
| Altar of Kings | 1 | |
| Barracks | 1 | |
| Farm | 1 | |
3 total
» build order
00:19 Altar of Kings
00:21 Barracks
00:24 Farm
Chat log
(00:05 / Allies) sc2no.wc4yes: awesome
(00:10 / Allies) cocainecowboy: stfu hacker
(00:14 / Allies) sc2no.wc4yes: damn
(00:45 / Allies) cocainecowboy: you know
(00:53 / Allies) cocainecowboy: gl you mh ing piece of shit
(01:00 / Allies) sc2no.wc4yes: ill take him
(01:16 / Allies) MorbidObesity: how was he maphacking
(01:33 / Allies) sc2no.wc4yes: dont ask me i thought he was typing up the lyrics to "p[erfect" by the smashing pumpkins
(01:43 / Allies) sc2no.wc4yes: you know.... were just like old friends
(01:58 / Allies) sc2no.wc4yes: im going bats i guess
(02:06 / Allies) Sonyas-Blade: ww
(05:44 / Allies) sc2no.wc4yes: what units u guys getting
(05:49 / Allies) Sonyas-Blade: ww
(05:53 / Allies) sc2no.wc4yes: whats a ww
(05:55 / Allies) MorbidObesity: bats
(06:06 / Allies) Sonyas-Blade: wind riders
(06:14 / Allies) sc2no.wc4yes: what does the 2nd w stand for
(06:40 / Allies) Sonyas-Blade: ww= winde riders
(06:46 / Allies) Sonyas-Blade: ww= wyverns
(06:56 / Allies) MorbidObesity: "wyverns" is oldschool
(07:01 / Allies) Sonyas-Blade: yep
(07:06 / Allies) sc2no.wc4yes: i just dont see what the second w is for
(07:07 / Allies) Sonyas-Blade: some people dont know that though
(07:09 / Allies) sc2no.wc4yes: wind wrider
(07:17 / Allies) Sonyas-Blade: wow
(07:18 / Allies) Sonyas-Blade: nm
(07:31 / Allies) sc2no.wc4yes: anyway ill go tank drop with the elaver
(07:36 / Allies) Sonyas-Blade: k
(07:50 / Allies) sc2no.wc4yes: clear ur expos dudes
(11:19 / Allies) sc2no.wc4yes: u can see what youre up against
(11:49 / Allies) sc2no.wc4yes: upgrade ur burrow armor
(11:52 / Allies) sc2no.wc4yes: to fortified
(11:59 / Allies) sc2no.wc4yes: use the shrecdder to gather wood
(12:01 / Allies) sc2no.wc4yes: nota s a melee unit
(12:04 / Allies) sc2no.wc4yes: duide have you played the campaign yet?
(12:17 / Allies) Sonyas-Blade: who are you talkunig to?
(12:22 / Allies) sc2no.wc4yes: youre shredder....
(12:24 / Allies) sc2no.wc4yes: wtf is it doing
(12:28 / Allies) sc2no.wc4yes: thats not a fighting unti man
(12:31 / Allies) sc2no.wc4yes: its for getting wood
(12:34 / Allies) Sonyas-Blade: no shit
(12:37 / Allies) Sonyas-Blade: it gettign wood
(12:45 / Allies) Sonyas-Blade: look retard
(12:48 / Allies) sc2no.wc4yes: talking to the other guy
(12:50 / Allies) sc2no.wc4yes: the one i pinged
(12:55 / Allies) Sonyas-Blade: oh
(12:57 / Allies) Sonyas-Blade: sorry
(13:44 / Allies) sc2no.wc4yes: get fortified armor
(13:45 / All) BloodRush: gg
(13:46 / Allies) sc2no.wc4yes: with your war mill
(14:10 / All) Mywife4DaHorde: moron never built a shop on this map....